 Dungeon Crawl Stone Soup version 0.25-a0-545-ge4db218afc (webtiles) character file.

Game seed: 11854710114892557236, levelgen mode: deterministic

5 Gargoyl the Skirmisher (level 1, -3/19 HPs)
             Began as a Centaur Abyssal Knight on Feb 21, 2020.
             Was a Follower of Lugonu.
             Slain by a harpy zombie (9 damage)
             ... while paralysed by a great orb of eyes
             ... on level 1 of the Abyss.
             The game lasted 00:00:59 (343 turns).

Gargoyl the Skirmisher (Centaur Abyssal Knight)      Turns: 343, Time: 00:01:00

Health: -3/19      AC:  4    Str: 20    XL:     1   Next: 66%
Magic:  2/2        EV:  1    Int: 11    God:    Lugonu [*.....]
Gold:   4          SH:  0    Dex:  8    Spells: 0/0 levels left

rFire    . . .     SeeInvis .   a - +1 hand axe
rCold    . . .     Gourm    .   f - +0 buckler
rNeg     . . .     Faith    .   b - +0 leather armour
rPois    .         Spirit   .   (no helmet)
rElec    .         Reflect  .   (no cloak)
rCorr    .         Harm     .   (no gloves)
MR       .....                  (no barding)
Stlth    ..........             (no amulet)
HPRegen  0.06/turn              d - +6 ring of strength
MPRegen  0.08/turn              (no ring)

@: paralysed, very slightly contaminated, very quick
A: large, hooves 3, deformed body, speed 2, tough skin 3
a: Depart the Abyss, Renounce Religion


You were on level 1 of the Abyss.
You worshipped Lugonu.
Lugonu was aware of your devotion.
You were not hungry.

You visited 0 branches of the dungeon, and saw 0 of its levels.
You visited the Abyss 1 time.

You collected 4 gold pieces.

Inventory:

Hand Weapons
 a - a +1 hand axe (weapon)
Armour
 b - a +0 leather armour (worn)
 f - a +0 buckler (worn)
Jewellery
 d - a +6 ring of strength (left hand)
Comestibles
 c - 2 rations


   Skills:
 + Level 3.2 Fighting
 + Level 1.8 Axes
 + Level 1.4 Armour
 + Level 0.6 Dodging
 + Level 2.0 Invocations


You couldn't memorise any spells.
You didn't know any spells.
Your spell library was empty.

Dungeon Overview and Level Annotations

Branches:
Dungeon (0/15)

Altars:


Innate Abilities, Weirdness & Mutations

You have hooves in place of feet.
Armour fits poorly on your strangely shaped body.
You cover ground very quickly.
You have extremely tough skin. (AC +3)


Message History

You start putting on your armour.
You continue putting on your buckler. x4
You finish putting on your +0 buckler.
Blink to where?
Press: ? - help, Dir - move target cursor You are very lightly contaminated with residual magic.
As you read the scroll labeled WIKA NOPSOTANE, it crumbles to dust.
It was a scroll of blinking.
You enter the shallow water.
Moving in this stuff is going to be slow.
A harpy zombie comes into view.
A great orb of eyes comes into view.
The great orb of eyes turns its gaze towards you.
You fail to use your ability.
The great orb of eyes gazes at you.
You suddenly lose the ability to move!
The harpy zombie claws you.
The harpy zombie claws you but does no damage.
The great orb of eyes bites you. The harpy zombie claws you!
You die...

≈##.....## #
..#....# #... #.
### . # ..# #.# .
#..##..#### ...
.. .#.. #.####
....# .#. . ... #
#.#.. ...# .#.#.
.#.# . .
..#..######...# .
.###..#....#@...#
.#
#..##....Z#G###
###..#.....#..
#...#...#.##..
#.##....#..# .#
..# #.#.#....# #
#.. #.##.Z....# #
.# ........ ## .#
.#...


You could see a great orb of eyes and a harpy zombie.

Vanquished Creatures
  An ufetubus (Abyss:1)
1 creature vanquished.

Notes
Turn   | Place    | Note
-------+----------+-------------------------------------------
     0 | Abyss:1  | Gargoyl the Centaur Abyssal Knight began the quest for the
                  | Orb.
     0 | Abyss:1  | Reached XP level 1. HP: 19/19 MP: 2/2
    49 | Abyss:1  | Found a snail-covered altar of Cheibriados.
    90 | Abyss:1  | Noticed a worldbinder
    99 | Abyss:1  | Noticed a neqoxec
   100 | Abyss:1  | Noticed a wretched star
   103 | Abyss:1  | Noticed a swamp drake
   106 | Abyss:1  | Noticed an ancient zyme
   108 | Abyss:1  | Noticed a vampire mosquito
   209 | Abyss:1  | Noticed a large abomination
   254 | Abyss:1  | Noticed a cyan very ugly thing
   336 | Abyss:1  | Noticed a harpy zombie
   340 | Abyss:1  | Noticed a great orb of eyes
   341 | Abyss:1  | Paralysed by a great orb of eyes for 3 turns
   343 | Abyss:1  | Slain by a harpy zombie

Levels and vault maps discovered:
Abyss:1

Action                   || total
-------------------------++-------
Melee: Hand axe          ||     2
       Kick              ||     1
  Use: Scroll            ||     4
Armor: Leather armour    ||     1
Dodge: Dodged            ||     1

Table legend:
 A = Non-vault XP
 B = Vault XP
 C = Vault XP percentage of total XP
 D = Non-vault monster count
 E = Vault monster count
 F = Vault count percentage of total count
                 A         B        C        D         E       F
            +---------+---------+-------+---------+---------+-------
      Total |       8 |       0 |   0.0 |       1 |       0 |   0.0
            +---------+---------+-------+---------+---------+-------
    Abyss:1 |       8 |       0 |   0.0 |       1 |       0 |   0.0
            +---------+---------+-------+---------+---------+-------
